 Dungeon Crawl Stone Soup version 0.28-a0-843-gb979743d38 (webtiles) character file.

Game seed: 6035786766986583432

44 Ijustatesigmund the Skirmisher (level 3, 0/26 HPs)
             Began as a Gargoyle Fighter on Nov 12, 2021.
             Slain by an iron imp (1 damage)
             ... summoned by Natasha
             ... on level 2 of the Dungeon.
             The game lasted 00:02:10 (2008 turns).

Ijustatesigmund the Skirmisher (Gargoyle Fighter)   Turns: 2008, Time: 00:02:11

Health: 0/26       AC: 10    Str: 19    XL:     3   Next: 62%
Magic:  3/3        EV:  9    Int:  9    God:
Gold:   62         SH:  4    Dex:  9    Spells: 2/2 levels left

rFire   . . .      SeeInvis .   a - +0 flail
rCold   . . .      Faith    .   c - +0 buckler
rNeg    + . .      Spirit   .   b - +0 scale mail
rPois   ∞          Reflect  .   (no helmet)
rElec   +          Harm     .   (no cloak)
rCorr   .          Rampage  .   (no gloves)
Will    .....                   (no boots)
Stlth   ..........              (no amulet)
HPRegen 0.08/turn               (no ring)
MPRegen 0.08/turn               (no ring)

@: slowed, very slow
A: sickness immunity, AC +3, negative energy resistance 1, electricity
resistance, torment resistance 1, petrification resistance
a: no special abilities


You were on level 2 of the Dungeon.
You visited 1 branch of the dungeon, and saw 2 of its levels.

You collected 62 gold pieces.

Inventory:

Hand Weapons
 a - a +0 flail (weapon)
Missiles
 h - 15 poisoned darts (quivered)
Armour
 b - a +0 scale mail (worn)
 c - a +0 buckler (worn)
Jewellery
 m - a +6 ring of strength
Scrolls
 e - a scroll of magic mapping {unknown}
 f - a scroll of enchant weapon {unknown}
 g - 2 scrolls of identify {unknown}
 i - a scroll of acquirement {unknown}
 k - a scroll of holy word {unknown}
 l - a scroll of enchant armour {unknown}
Potions
 d - a potion of might
 j - a potion of haste {unknown}


   Skills:
 + Level 5.0 Fighting
 - Level 2.0 Maces & Flails
 - Level 3.2 Armour
 - Level 3.2 Shields


You had 2 spell levels left.
You didn't know any spells.
Your spell library was empty.

Dungeon Overview and Level Annotations

Branches:
Dungeon (2/15)

Altars:

Annotations:
D:2 Natasha


Innate Abilities, Weirdness & Mutations

You are immune to sickness and miasma.
Your stone body is resilient. (AC +3)
You are immune to poison.
You resist negative energy. (rN+)
You are resistant to electric shocks. (rElec)
You are resistant to unholy torment.
You are immune to petrification.


Message History

Natasha is moderately wounded.
Natasha casts a spell.
The iron imp hits you but does no damage.
You block Natasha's attack.
The iron imp hits you but does no damage.
You sock Natasha!
Natasha is almost dead.
Natasha claws you. Natasha closely misses you.
The iron imp hits you but does no damage.
The crimson imp blinks!
You barely miss Natasha.
Natasha is almost dead.
Natasha claws you. The iron imp closely misses you. Natasha barely misses you.
The iron imp hits you!
* * * LOW HITPOINT WARNING * * *
You are too injured to fight recklessly!
Unknown command.
You closely miss Natasha.
Natasha is almost dead.
Natasha closely misses you. The iron imp hits you.
* * * LOW HITPOINT WARNING * * *
Natasha casts a spell at you. You resist with significant effort.
You barely miss Natasha.
Natasha is almost dead.
Natasha casts a spell at you.
You feel as though you will be slow longer.
The iron imp barely misses you.
The crimson imp sputters.
Natasha casts a spell.
The iron imp laughs crazily.
The iron imp hits you but does no damage.
You closely miss Natasha.
Natasha is almost dead.
The crimson imp hits you but does no damage.
Natasha casts a spell at you. The magic dart hits you.
* * * LOW HITPOINT WARNING * * *
The iron imp hits you.
You die...

...# #............
...#########'..#.#####.#
.......#≈...#...........
...#####≈...#..#.......#
...# #≈...#..#.#####.#
...# #≈...#..#.# ####
#≈≈≈≈#..#.##
+#####.....# ......5@.#
#.#...#h5# .......5.#
#.#...##.# # #... (# #..
.. ... .. ##. ...


You could see an iron imp (summoned), Natasha, a crimson imp (summoned) and a
white imp (summoned).

Vanquished Creatures
  An adder (D:2)
  2 dart slugs
  3 endoplasms
  4 goblins (D:1)
  5 hobgoblins
  3 jackals (D:1)
  A ball python (D:1)
  3 bats (D:1)
  A frilled lizard (D:1)
  4 kobolds
  4 rats
31 creatures vanquished.

Notes
Turn   | Place    | Note
-------+----------+-------------------------------------------
     0 | D:1      | Ijustatesigmund the Gargoyle Fighter began the quest for
                  | the Orb.
     0 | D:1      | Reached XP level 1. HP: 14/14 MP: 1/1
   136 | D:1      | Reached XP level 2. HP: 20/20 MP: 2/2
   230 | D:1      | Reached skill level 4 in Fighting
  1137 | D:1      | Reached XP level 3. HP: 24/24 MP: 3/3
  1782 | D:2      | Reached skill level 5 in Fighting
  1996 | D:2      | Noticed Natasha
  2008 | D:2      | HP: 1/26 [Natasha/magic dart (2)]
  2008 | D:2      | Slain by an iron imp

Illustrated notes

Levels and vault maps discovered:
D:1:      dpeg_arrival_snail, layout_basic, minmay_hexomino_f4
D:2:      layout_basic, chequers_serial_rivers_room_a, uniq_natasha,
          uniq_crazy_yiuf_cottage

Skill      XL: |  1  2  3 |
---------------+----------+-----
Fighting       | 4 5 |  5.0
Maces & Flails | |  2.0
Armour         | |  3.2
Shields        | |  3.2

Action                   || total
-------------------------++-------
Melee: Flail             ||   108
Throw: Dart              ||     6
Armor: Scale mail        ||    59
Dodge: Dodged            ||    60
Block: Buckler           ||    25

Table legend: (Time is in decaauts)
 A = Elapsed time spent in this place.
 B = Non-inter-level travel time spent in this place.
 C = Inter-level travel time spent in this place.
 D = Time resting spent in this place.
 E = Time spent auto-exploring this place.
 F = Levels seen in this place.
 G = Mean time per level.
                   A        B        C        D        E       F      G
               +--------+--------+--------+--------+--------+-----+--------+
         Total |   2047 |   2018 |     29 |    539 |   1222 |   2 | 1023.5 |
       Dungeon |   2047 |   2018 |     29 |    539 |   1222 |   2 | 1023.5 |
               +--------+--------+--------+--------+--------+-----+--------+

Top non-repeatable levels by time:
     D:1: 1529 daAuts
     D:2: 518 daAuts
